 Dungeon Crawl Stone Soup version 0.16.1-51-g6203257 (webtiles) character file.

497 Jinxed the Skirmisher (level 7, -1/44 HPs)
             Began as a Gargoyle Fighter on Aug 10, 2015.
             Was an Initiate of Fedhas.
             Slain by Prince Ribbit (13 damage)
             ... on level 3 of the Dungeon.
             The game lasted 00:06:00 (2517 turns).

Jinxed the Skirmisher (Gargoyle Fighter)            Turns: 2517, Time: 00:06:01

Health: -1/44      AC: 12    Str: 22    XL:     7   Next: 15%
Magic:  7/7        EV:  7    Int:  8    God:    Fedhas [......]
Gold:   99         SH: 10    Dex:  9    Spells: 0 memorised, 6 levels left

rFire  . . .     SeeInvis .     a - +0 flail
rCold  . . .     Clarity  .     b - +0 scale mail
rNeg   + . .     SustAb   .     c - +0 shield
rPois  ∞         Gourm    .     (no helmet)
rElec  +         Spirit   .     (no cloak)
rCorr  .         Warding  .     (no gloves)
rMut   .         Stasis   .     (no boots)
MR     ++...                    (no amulet)
Stlth  ..........               s - ring of protection from magic
                                g - ring of protection from magic

@: very resistant to hostile enchantments, extremely unstealthy
A: negative energy resistance 1, electricity resistance, unbreathing,
petrification resistance, rot immunity, AC +4
a: Renounce Religion


You were on level 3 of the Dungeon.
You worshipped Fedhas.
Fedhas was noncommittal.
You were hungry.

You visited 1 branch of the dungeon, and saw 4 of its levels.

You collected 99 gold pieces.

Inventory:

Hand weapons
 a - a +0 flail (weapon)
Missiles
 l - 6 javelins (quivered)
Armour
 b - a +0 scale mail (worn)
 c - a +0 shield (worn)
Jewellery
 g - a ring of protection from magic (left hand)
 s - a ring of protection from magic (right hand)
Magical devices
 t - a wand of confusion (14)
Scrolls
 f - a scroll of enchant weapon {unknown}
 h - a scroll of identify {unknown}
 i - 4 scrolls of blinking {unknown}
 j - 4 scrolls of teleportation {unknown}
 k - a scroll of immolation {unknown}
 n - 2 scrolls of fear {unknown}
 o - 2 scrolls of remove curse {unknown}
 v - 3 scrolls of amnesia {unknown}
 x - a scroll of fog {unknown}
 y - 2 scrolls of random uselessness {unknown}
Potions
 e - a potion of might
 m - 2 potions of curing {unknown}
 p - 2 potions of brilliance {unknown}
 r - 2 potions of degeneration {unknown}
 u - 2 potions of cancellation {unknown}
Books
 B - a book of Alchemy

   Spells                             Type                      Level
   a - Sublimation of Blood           Necromancy                   2
   b - Alistair's Intoxication        Transmutation/Poison         4
   c - Condensation Shield            Ice                          4
   d - Petrify                        Transmutation/Earth          4
   e - Ignite Poison                  Fire/Transmutation           5
   f - Irradiate                      Conjuration/Transmutation    5
Comestibles
 d - 3 bread rations
 q - 13 fruits
 w - a meat ration
 z - a beef jerky


   Skills:
 * Level 5.3 Fighting
 + Level 3.4 Maces & Flails
 + Level 2.5 Throwing
 + Level 4.5 Armour
 * Level 5.2 Shields


You had 6 spell levels left.
You didn't know any spells.

Dungeon Overview and Level Annotations

Branches:
Dungeon (4/15)
 Temple: D:4-7

Altars:
Fedhas
Qazlal

Annotations:
D:3 Prince Ribbit


Innate Abilities, Weirdness & Mutations

You are resistant to torment.
You are immune to poison.
Your stone body is very resilient (AC +4).
You resist negative energy.
You are resistant to electric shocks.
You can survive without breathing.
You are immune to petrification.
You are immune to rotting.


Message History

* * * LOW HITPOINT WARNING * * *
You hit Prince Ribbit.
Prince Ribbit is lightly wounded.
You block Prince Ribbit's attack. x2
You miss Prince Ribbit.
Prince Ribbit is lightly wounded.
Prince Ribbit blinks!
Prince Ribbit hits you but does no damage.
You completely miss Prince Ribbit.
Prince Ribbit is lightly wounded.
You block Prince Ribbit's attack. Prince Ribbit completely misses you.
You hit Prince Ribbit but do no damage.
Prince Ribbit is lightly wounded.
Prince Ribbit hits you but does no damage.
You closely miss Prince Ribbit.
Prince Ribbit is lightly wounded.
Prince Ribbit hits you but does no damage.
Prince Ribbit hits you!
You die...
Fedhas appreciates your contribution to the ecosystem.

##.######..#.#P♣♣PPP###PPPP....PP
^..........#P..PP#PPPPPPPPPPP#..P
##.#####...#♣P♣.PP#.......PPPP#♣P
.#.# #...#PP#PPP..≈≈.≈≈..PPPP♣P
.#.# #...#PPP♣♣..≈≈≈.≈≈≈..P##PP
...# #...#PP♣P..≈≈≈≈.≈≈≈≈..P♣PP
#..# #...#PP♣P.≈≈≈≈≈.≈≈≈≈≈.#♣.♣
#..# #...#P#PP.F≈≈≈...≈≈≈≈.P♣PP
#..# ##...###PP@≈≈≈≈._.≈≈≈≈.♣♣♣P
#..####....#P#PP.≈≈≈≈...≈≈≈≈.P♣##
..F........#PPP#.≈≈≈≈≈≈≈≈≈≈≈.PPPP
#######..#####.P..≈≈≈≈≈≈≈≈≈..P.P#
.......F.# #P.#P♣..≈≈≈≈≈≈≈..♣P.P#
#######.## #.P.#PP..≈≈≈≈≈..PPPP#P
#.# #♣.P♣#PP.......PPPP.♣. #.#
#P..PF..#.#.#♣.PPPPPPP
#.####.P.PP#..P#§#.PPP.##PP


You could see Prince Ribbit.

Vanquished Creatures
  Grinder (D:3)
  The ghost of krupnik16 the Cudgeler, an average OgBe of Trog (D:3)
  Sigmund (D:3)
  Ijyb (D:3)
  3 adders
  3 worms (D:2)
  A giant mite (D:4)
  A giant gecko (D:3)
  An ooze (D:2)
  2 orcs
  2 bats (D:3)
  3 giant cockroaches
  6 hobgoblins
  5 jackals
  2 ball pythons
  6 giant newts
  4 goblins
  9 kobolds
  3 quokkas
  9 rats
64 creatures vanquished.

Vanquished Creatures (others)
  3 fungi (D:3)
  6 plants (D:3)
  A toadstool (D:3)
10 creatures vanquished.

Grand Total: 74 creatures vanquished

Notes
Turn   | Place    | Note
--------------------------------------------------------------
     0 | D:1      | Jinxed, the Gargoyle Fighter, began the quest for the Orb.
     0 | D:1      | Reached XP level 1. HP: 14/14 MP: 1/1
   139 | D:1      | Reached XP level 2. HP: 14/19 MP: 2/2
   756 | D:2      | Reached XP level 3. HP: 9/24 MP: 3/3
  1031 | D:2      | Reached skill level 4 in Fighting
  1119 | D:2      | Reached XP level 4. HP: 29/29 MP: 4/4
  1411 | D:3      | Noticed Ijyb
  1423 | D:3      | Killed Ijyb
  1423 | D:3      | Reached skill level 1 in Throwing
  1633 | D:3      | Noticed Sigmund
  1645 | D:3      | Killed Sigmund
  1645 | D:3      | Reached XP level 5. HP: 24/34 MP: 5/5
  1683 | D:3      | Noticed Grinder
  1702 | D:3      | Killed Grinder
  1702 | D:3      | Reached skill level 5 in Fighting
  1702 | D:3      | Reached XP level 6. HP: 30/40 MP: 6/6
  1948 | D:3      | Noticed krupnik16's ghost (average OgBe)
  1964 | D:3      | Killed krupnik16's ghost
  1964 | D:3      | Reached skill level 5 in Shields
  1964 | D:3      | Reached XP level 7. HP: 30/44 MP: 7/7
  2019 | D:3      | Found a blossoming altar of Fedhas.
  2030 | D:3      | Became a worshipper of Fedhas Madash
  2036 | D:3      | Noticed an oklob plant
  2248 | D:4      | Found a stormy altar of Qazlal.
  2293 | D:4      | Noticed Prince Ribbit
  2517 | D:3      | Slain by Prince Ribbit

Action                   |  1- 3 |  4- 6 |  7- 9 || total
-------------------------+-------+-------+-------++-------
Melee: Flail             |   109 |    85 |    38 ||   232
Throw: Javelin           |     4 |    12 |       ||    16
  Eat: Chunk             |     1 |     3 |     1 ||     5
